AoeStats
← 76896859

Arena

505654070Analyzed
1v1 RM · 21d ago on Sep 10, 2026· 27m 41s· 2 players
Game mode
Random Map
Map size
Tiny (2 player)
Population
200
Speed
Normal
Resources
Standard
Victory
Conquest
Starting age
Dark Age
Ending age
Imperial Age
RankedLock teamsTeams togetherTeam positionsShared explorationLock speedFull tech treeHidden civsTurbo modeCheats
Victory
Defeat
🇨🇱 Spanish · Chile
1101
+14
🇨🇳 Britons · China
1059
-14
76896859
0:52 Loom
13:45 Feudal Age
18:34 Castle Age
16:24 Double-Bit Axe
16:34 Horse Collar
17:24 Gold Mining
17:28 Stone Mining
18:28 Wheelbarrow
19:31 Wheelbarrow
19:30 Heavy Plow
19:43 Bow Saw
23:16 Town Watch
26:30 Hand Cart
29:53 Imperial Age
Chispa'!
8:16 Loom
10:51 Feudal Age
15:26 Castle Age
13:34 Double-Bit Axe
14:10 Gold Mining
15:21 Bloodlines
16:35 Husbandry
25:28 Padded Archer Armor
25:40 Forging
Connection lost

Rejoining the realm…

Still unreachable

The connection could not be restored.

Session expired

The server has moved on; the page needs a fresh start.